3280 views
Uploaded 2020-04-10 09:05:11
Game version 1.32 / 1.32.1
16:11 long 3on3 ladder game on (8)Mur'gulOasis_LV
Saved by Claims
3280 views
Uploaded 2020-04-10 09:05:11
Game version 1.32 / 1.32.1
16:11 long 3on3 ladder game on (8)Mur'gulOasis_LV


78 units @ 11k
/ 1.2k
63 buildings @ 6.6k
/ 2.8k


| Scroll of Regeneration | 1 | 100 |
| Lesser Clarity Potion | 1 | 70 |
| Scroll of Town Portal | 1 | 350 |
| Boots of Speed | 3 | 750 |
| Potion of Lesser Invulnerability | 2 | 300 |
| total: | 8 | 1570g |
| Peasant | 11 | 825 | / | 0 |
| Rifleman | 6 | 1230 | / | 180 |
| Gryphon Rider | 4 | 1120 | / | 280 |
| total: | 21 | 3175g | / | 460w |
| Scout Tower | 1 | 30 | / | 20 |
| Arcane Tower | 1 | 70 | / | 50 |
| Altar of Kings | 1 | 180 | / | 50 |
| Farm | 14 | 1120 | / | 280 |
| Barracks | 1 | 160 | / | 60 |
| Blacksmith | 1 | 140 | / | 60 |
| Lumber Mill | 1 | 120 | / | 0 |
| Arcane Vault | 1 | 130 | / | 30 |
| Gryphon Aviary | 2 | 280 | / | 300 |
| Keep | 1 | 320 | / | 210 |
| Castle | 1 | 360 | / | 210 |
| total: | 22 | 2160g | / | 800w |
| 0:02 | Peasant |
| 0:03 | Peasant |
| 0:11 | Altar of Kings |
| 0:17 | Farm |
| 0:19 | Peasant |
| 0:25 | Barracks |
| 0:39 | Peasant |
| 0:55 | Peasant |
| 1:17 | Blacksmith |
| 1:28 | Peasant |
| 1:38 | Farm |
| 1:46 | Peasant |
| 1:50 | Farm |
| 2:16 | Rifleman |
| 2:21 | Holy Light |
| 2:34 | Rifleman |
| 2:40 | Farm |
| 2:49 | Scout Tower |
| 2:56 | Black Gunpowder |
| 3:13 | Rifleman |
| 3:54 | Rifleman |
| 4:03 | Keep |
| 5:47 | Divine Shield |
| 5:53 | Rifleman |
| 6:30 | Rifleman |
| 6:36 | Castle |
| 6:42 | Lumber Mill |
| 6:48 | Arcane Tower |
| 6:53 | Farm |
| 6:54 | Farm |
| 6:54 | Farm |
| 6:55 | Farm |
| 6:56 | Farm |
| 6:57 | Farm |
| 6:57 | Farm |
| 7:09 | Arcane Vault |
| 7:39 | Holy Light |
| 8:07 | Long Rifles |
| 8:10 | Studded Leather Armor |
| 8:14 | Improved Lumber Harvesting |
| 8:28 | Scroll of Regeneration |
| 8:29 | Lesser Clarity Potion |
| 8:36 | Refined Gunpowder |
| 8:55 | Scroll of Town Portal |
| 9:08 | Peasant |
| 9:09 | Peasant |
| 9:09 | Peasant |
| 9:09 | Peasant |
| 9:50 | Devotion Aura |
| 10:18 | Gryphon Aviary |
| 10:19 | Gryphon Aviary |
| 10:22 | Boots of Speed |
| 10:34 | Boots of Speed |
| 10:37 | Potion of Lesser Invulnerability |
| 10:43 | Storm Bolt |
| 10:53 | Advanced Lumber Harvesting |
| 11:41 | Bash |
| 12:00 | Gryphon Rider |
| 12:38 | Storm Hammers |
| 12:39 | Gryphon Rider |
| 12:44 | Holy Light |
| 13:09 | Farm |
| 13:09 | Farm |
| 13:10 | Farm |
| 13:39 | Reinforced Leather Armor |
| 13:42 | Gryphon Rider |
| 13:44 | Imbued Gunpowder |
| 14:05 | Storm Bolt |
| 14:13 | Boots of Speed |
| 14:15 | Potion of Lesser Invulnerability |
| 15:37 | Gryphon Rider |
| Select group | 296 |
| Right click | 230 |
| Misc. action | 149 |
| Select | 137 |
| Build/train/purchase | 57 |
| Use ability | 22 |
| Assign group | 18 |
| Item give/drop | 3 |
| Minimap ping | 1 |



| Scroll of Regeneration | 2 | 200 |
| total: | 2 | 200g |
| Peasant | 7 | 525 | / | 0 |
| Footman | 12 | 1620 | / | 0 |
| Sorceress | 2 | 310 | / | 40 |
| Priest | 2 | 270 | / | 20 |
| Mortar Team | 3 | 540 | / | 210 |
| Knight | 4 | 980 | / | 240 |
| total: | 30 | 4245g | / | 510w |
| Barracks | 1 | 160 | / | 60 |
| Altar of Kings | 2 | 360 | / | 100 |
| Farm | 10 | 800 | / | 200 |
| Arcane Vault | 1 | 130 | / | 30 |
| Blacksmith | 1 | 140 | / | 60 |
| Lumber Mill | 1 | 120 | / | 0 |
| Workshop | 3 | 420 | / | 420 |
| Arcane Sanctum | 1 | 150 | / | 140 |
| Keep | 1 | 320 | / | 210 |
| Castle | 1 | 360 | / | 210 |
| total: | 20 | 2280g | / | 1010w |
| 0:02 | Peasant |
| 0:02 | Peasant |
| 0:07 | Barracks |
| 0:18 | Altar of Kings |
| 0:22 | Peasant |
| 0:33 | Farm |
| 0:43 | Peasant |
| 0:55 | Peasant |
| 1:04 | Farm |
| 1:11 | Footman |
| 1:13 | Peasant |
| 1:29 | Footman |
| 1:38 | Footman |
| 1:42 | Farm |
| 1:44 | Peasant |
| 1:59 | Footman |
| 2:11 | Arcane Vault |
| 2:31 | Footman |
| 2:39 | Summon Water Elemental |
| 2:51 | Footman |
| 2:52 | Farm |
| 3:53 | Footman |
| 3:54 | Keep |
| 3:55 | Blacksmith |
| 3:59 | Defend |
| 4:47 | Footman |
| 5:11 | Footman |
| 5:19 | Brilliance Aura |
| 5:31 | Footman |
| 5:56 | Footman |
| 6:09 | Iron Forged Swords |
| 6:17 | Farm |
| 6:20 | Workshop |
| 6:23 | Altar of Kings |
| 7:44 | Scroll of Regeneration |
| 7:45 | Scroll of Regeneration |
| 7:51 | Footman |
| 7:57 | Workshop |
| 8:01 | Arcane Sanctum |
| 8:05 | Workshop |
| 8:15 | Castle |
| 9:12 | Farm |
| 9:14 | Farm |
| 9:19 | Lumber Mill |
| 9:23 | Holy Light |
| 9:28 | Sorceress |
| 9:28 | Priest |
| 9:38 | Iron Plating |
| 9:40 | Mortar Team |
| 9:43 | Farm |
| 10:07 | Mortar Team |
| 10:09 | Priest |
| 10:13 | Farm |
| 10:31 | Summon Water Elemental |
| 10:47 | Farm |
| 10:48 | Mortar Team |
| 11:03 | Sorceress |
| 11:07 | Knight |
| 11:21 | Devotion Aura |
| 12:12 | Holy Light |
| 12:22 | Brilliance Aura |
| 12:52 | Knight |
| 13:31 | Storm Bolt |
| 13:38 | Knight |
| 13:40 | Steel Plating |
| 13:41 | Steel Forged Swords |
| 14:30 | Fragmentation Shards |
| 14:31 | Animal War Training |
| 14:33 | Mithril Plating |
| 15:11 | Devotion Aura |
| 15:33 | Bash |
| 16:09 | Knight |
| Select group | 758 |
| Right click | 488 |
| Misc. action | 444 |
| Select | 303 |
| Build/train/purchase | 110 |
| Assign group | 68 |
| Use ability | 12 |
| Esc | 4 |
| Minimap ping | 4 |
| Remove unit | 1 |


| Scroll of Regeneration | 2 | 200 |
| Lesser Clarity Potion | 1 | 70 |
| Scroll of Town Portal | 1 | 350 |
| total: | 4 | 620g |
| Peasant | 9 | 675 | / | 0 |
| Footman | 8 | 1080 | / | 0 |
| Spell Breaker | 4 | 860 | / | 120 |
| Priest | 2 | 270 | / | 20 |
| Sorceress | 3 | 465 | / | 60 |
| Knight | 1 | 245 | / | 60 |
| total: | 27 | 3595g | / | 260w |
| Scout Tower | 6 | 180 | / | 120 |
| Arcane Tower | 1 | 70 | / | 50 |
| Guard Tower | 3 | 210 | / | 150 |
| Altar of Kings | 1 | 180 | / | 50 |
| Barracks | 1 | 160 | / | 60 |
| Farm | 7 | 560 | / | 140 |
| Arcane Vault | 1 | 130 | / | 30 |
| Blacksmith | 1 | 140 | / | 60 |
| Town Hall | 1 | 385 | / | 205 |
| Lumber Mill | 1 | 120 | / | 0 |
| Arcane Sanctum | 2 | 300 | / | 280 |
| Keep | 1 | 320 | / | 210 |
| Castle | 1 | 360 | / | 210 |
| total: | 21 | 2155g | / | 945w |
| 0:04 | Peasant |
| 0:07 | Altar of Kings |
| 0:11 | Peasant |
| 0:21 | Barracks |
| 0:35 | Farm |
| 0:43 | Peasant |
| 0:56 | Peasant |
| 1:00 | Farm |
| 1:06 | Peasant |
| 1:22 | Footman |
| 1:22 | Footman |
| 1:25 | Peasant |
| 1:42 | Footman |
| 1:46 | Peasant |
| 1:54 | Farm |
| 2:05 | Scout Tower |
| 2:08 | Footman |
| 2:13 | Summon Water Elemental |
| 2:34 | Footman |
| 2:56 | Arcane Tower |
| 2:58 | Footman |
| 3:22 | Footman |
| 3:57 | Brilliance Aura |
| 3:58 | Keep |
| 5:02 | Arcane Vault |
| 5:13 | Farm |
| 5:14 | Farm |
| 5:43 | Scroll of Regeneration |
| 5:44 | Lesser Clarity Potion |
| 6:51 | Defend |
| 7:29 | Summon Water Elemental |
| 7:58 | Arcane Sanctum |
| 7:59 | Arcane Sanctum |
| 8:51 | Footman |
| 8:57 | Blacksmith |
| 9:02 | Scroll of Town Portal |
| 9:05 | Storm Bolt |
| 9:08 | Scroll of Regeneration |
| 9:11 | Spell Breaker |
| 9:12 | Priest |
| 9:35 | Priest |
| 9:37 | Spell Breaker |
| 9:58 | Spell Breaker |
| 10:01 | Sorceress |
| 10:02 | Spell Breaker |
| 10:29 | Priest Adept Training |
| 10:31 | Sorceress |
| 10:39 | Farm |
| 10:40 | Farm |
| 10:41 | Iron Plating |
| 11:04 | Thunder Clap |
| 11:26 | Sorceress Adept Training |
| 12:00 | Sorceress |
| 12:03 | Steel Plating |
| 12:14 | Scout Tower |
| 12:33 | Town Hall |
| 12:38 | Scout Tower |
| 12:39 | Scout Tower |
| 12:50 | Thunder Clap |
| 13:00 | Peasant |
| 13:01 | Peasant |
| 13:10 | Lumber Mill |
| 13:16 | Castle |
| 14:00 | Scout Tower |
| 14:09 | Brilliance Aura |
| 14:28 | Guard Tower |
| 14:29 | Guard Tower |
| 14:31 | Scout Tower |
| 14:35 | Improved Masonry |
| 15:22 | Guard Tower |
| 15:27 | Storm Bolt |
| 15:43 | Brilliance Aura |
| 16:09 | Knight |
| Right click | 474 |
| Select | 265 |
| Select group | 246 |
| Misc. action | 151 |
| Build/train/purchase | 81 |
| Assign group | 32 |
| Use ability | 5 |
| Esc | 3 |
71 units @ 10.1k
/ 1.1k
42 buildings @ 6.1k
/ 2.4k

| Peon | 6 | 450 | / | 0 |
| Grunt | 7 | 1400 | / | 0 |
| Troll Headhunter | 3 | 420 | / | 60 |
| total: | 16 | 2270g | / | 60w |
| Altar of Storms | 1 | 180 | / | 50 |
| Barracks | 1 | 180 | / | 50 |
| Orc Burrow | 5 | 800 | / | 200 |
| War Mill | 1 | 205 | / | 0 |
| Beastiary | 2 | 290 | / | 280 |
| Stronghold | 1 | 315 | / | 190 |
| total: | 10 | 1655g | / | 580w |
| 0:10 | Altar of Storms |
| 0:13 | Peon |
| 0:24 | Barracks |
| 0:38 | Orc Burrow |
| 1:42 | Grunt |
| 1:42 | Grunt |
| 2:07 | Orc Burrow |
| 2:42 | War Stomp |
| 3:28 | Grunt |
| 3:28 | Grunt |
| 3:30 | Grunt |
| 4:48 | Grunt |
| 6:14 | Grunt |
| 8:38 | Peon |
| 8:39 | Peon |
| 9:21 | Peon |
| 9:21 | Peon |
| 9:21 | Peon |
| 9:56 | War Mill |
| 11:07 | Stronghold |
| 12:12 | Troll Headhunter |
| 12:12 | Troll Headhunter |
| 12:13 | Troll Headhunter |
| 12:43 | Orc Burrow |
| 12:54 | Orc Burrow |
| 13:50 | Beastiary |
| 14:00 | Beastiary |
| 14:48 | Orc Burrow |
| Right click | 96 |
| Select | 90 |
| Build/train/purchase | 32 |
| Select group | 23 |
| Assign group | 4 |
| Use ability | 1 |


| Wisp | 14 | 840 | / | 0 |
| Dryad | 5 | 725 | / | 300 |
| Chimaera | 6 | 1980 | / | 420 |
| total: | 25 | 3545g | / | 720w |
| Altar of Elders | 1 | 180 | / | 50 |
| Moon Well | 9 | 1620 | / | 360 |
| Hunter's Hall | 1 | 210 | / | 100 |
| Ancient of Wonders | 1 | 90 | / | 30 |
| Ancient of Lore | 2 | 310 | / | 290 |
| Ancient of Wind | 1 | 150 | / | 140 |
| Chimaera Roost | 2 | 280 | / | 380 |
| Tree of Ages | 1 | 320 | / | 180 |
| Tree of Eternity | 1 | 330 | / | 200 |
| total: | 17 | 2840g | / | 1350w |
| 0:02 | Altar of Elders |
| 0:04 | Wisp |
| 0:04 | Wisp |
| 0:19 | Moon Well |
| 0:21 | Wisp |
| 0:36 | Wisp |
| 0:53 | Wisp |
| 1:12 | Wisp |
| 1:19 | Wisp |
| 1:20 | Wisp |
| 1:42 | Tree of Ages |
| 2:08 | Shadow Strike |
| 2:23 | Hunter's Hall |
| 2:29 | Moon Well |
| 4:05 | Wisp |
| 4:05 | Wisp |
| 4:09 | Ancient of Lore |
| 4:14 | Ancient of Lore |
| 4:59 | Wisp |
| 5:04 | Moon Well |
| 5:30 | Entangling Roots |
| 5:32 | Dryad |
| 5:33 | Dryad |
| 6:44 | Dryad |
| 6:47 | Reinforced Hides |
| 7:56 | Dryad |
| 7:56 | Dryad |
| 7:58 | Tree of Eternity |
| 8:30 | Thorns Aura |
| 8:44 | Fan of Knives |
| 9:05 | Moon Well |
| 9:11 | Ancient of Wind |
| 9:15 | Ancient of Wonders |
| 9:35 | Strength of the Wild |
| 9:58 | Abolish Magic |
| 10:03 | Moon Well |
| 10:10 | Moon Well |
| 10:21 | Wisp |
| 10:21 | Wisp |
| 10:29 | Chimaera Roost |
| 10:38 | Wisp |
| 11:22 | Chimaera Roost |
| 11:26 | Moon Well |
| 12:01 | Chimaera |
| 12:02 | Chimaera |
| 12:39 | Improved Strength of the Wild |
| 12:44 | Chimaera |
| 12:48 | Moon Well |
| 13:13 | Chimaera |
| 13:18 | Chimaera |
| 14:05 | Chimaera |
| 14:31 | Moon Well |
| Right click | 729 |
| Select group | 436 |
| Select | 177 |
| Build/train/purchase | 41 |
| Use ability | 21 |
| Assign group | 15 |
| Remove unit | 2 |
| Minimap ping | 1 |

| Scroll of Town Portal | 1 | 350 |
| Potion of Lesser Invulnerability | 1 | 150 |
| total: | 2 | 500g |
| Peasant | 7 | 525 | / | 0 |
| Footman | 15 | 2025 | / | 0 |
| Rifleman | 6 | 1230 | / | 180 |
| Knight | 2 | 490 | / | 120 |
| total: | 30 | 4270g | / | 300w |
| Altar of Kings | 1 | 180 | / | 50 |
| Barracks | 2 | 320 | / | 120 |
| Farm | 9 | 720 | / | 180 |
| Blacksmith | 1 | 140 | / | 60 |
| Lumber Mill | 1 | 120 | / | 0 |
| Arcane Vault | 1 | 130 | / | 30 |
| Keep | 1 | 320 | / | 210 |
| Castle | 1 | 360 | / | 210 |
| total: | 15 | 1610g | / | 440w |
| 0:03 | Peasant |
| 0:12 | Altar of Kings |
| 0:17 | Peasant |
| 0:24 | Barracks |
| 0:29 | Peasant |
| 0:34 | Farm |
| 0:44 | Peasant |
| 1:12 | Farm |
| 1:21 | Farm |
| 1:28 | Footman |
| 1:44 | Footman |
| 1:56 | Footman |
| 2:05 | Farm |
| 2:12 | Footman |
| 2:32 | Holy Light |
| 2:45 | Footman |
| 2:52 | Blacksmith |
| 3:13 | Footman |
| 3:17 | Footman |
| 3:48 | Footman |
| 4:13 | Farm |
| 4:13 | Farm |
| 4:40 | Devotion Aura |
| 5:46 | Rifleman |
| 5:47 | Rifleman |
| 5:55 | Barracks |
| 6:21 | Rifleman |
| 6:32 | Keep |
| 6:38 | Lumber Mill |
| 6:46 | Rifleman |
| 7:03 | Footman |
| 7:03 | Footman |
| 7:06 | Rifleman |
| 7:26 | Footman |
| 7:44 | Rifleman |
| 7:54 | Footman |
| 8:11 | Footman |
| 8:35 | Farm |
| 9:39 | Footman |
| 9:40 | Footman |
| 9:40 | Defend |
| 9:42 | Iron Plating |
| 10:23 | Arcane Vault |
| 10:30 | Improved Lumber Harvesting |
| 10:32 | Long Rifles |
| 11:04 | Scroll of Town Portal |
| 11:04 | Potion of Lesser Invulnerability |
| 11:24 | Castle |
| 11:32 | Farm |
| 11:33 | Farm |
| 12:30 | Studded Leather Armor |
| 12:56 | Devotion Aura |
| 13:50 | Knight |
| 13:50 | Knight |
| 13:54 | Peasant |
| 13:55 | Peasant |
| 13:55 | Peasant |
| Right click | 203 |
| Select | 128 |
| Select group | 110 |
| Build/train/purchase | 47 |
| Use ability | 15 |
| Assign group | 13 |
| Misc. action | 13 |
| Resource trade | 5 |
⇛